 Dungeon Crawl Stone Soup version 0.19-a0-1888-g6ba2374 (webtiles) character file.

65 Naow the Chopper (level 4, -5/35 HPs)
             Began as a Formicid Fighter on Oct 17, 2016.
             Slain by Naow's ghost (11 damage)
             ... on level 3 of the Dungeon.
             The game lasted 00:03:21 (1948 turns).

Naow the Chopper (Formicid Fighter)                 Turns: 1948, Time: 00:03:22

Health: -5/35      AC:  6    Str: 27    XL:     4   Next: 34%
Magic:  4/4        EV:  8    Int:  7    God:
Gold:   130        SH: 10    Dex: 10    Spells: 0 memorised, 3 levels left

rFire  . . .     SeeInvis +     a - +0 war axe
rCold  . . .     Gourm    .     b - +0 scale mail
rNeg   . . .     Faith    .     c - +0 shield
rPois  .         Spirit   .     (helmet unavailable)
rElec  .         Dismiss  .     (no cloak)
rCorr  .         Reflect  .     (no gloves)
MR     .....     Harm     .     (no boots)
Stlth  ..........               (no amulet)
                                (no ring)
                                (no ring)

@: mighty
A: permanent stasis, dig shafts and tunnels, four strong arms, antennae 3
a: Dig, Shaft Self


You were on level 3 of the Dungeon.
You were not hungry.

You visited 1 branch of the dungeon, and saw 3 of its levels.

You collected 130 gold pieces.

Inventory:

Hand Weapons
 a - a +0 war axe (weapon)
Armour
 b - a +0 scale mail (worn)
 c - a +0 shield (worn)
Scrolls
 e - a scroll of noise {unknown}
 i - 3 scrolls of identify {unknown}
 k - a scroll of amnesia {unknown}
 l - 3 scrolls of remove curse {unknown}
 o - 2 scrolls of fog {unknown}
 q - a scroll of blinking {unknown}
 v - a scroll of random uselessness {unknown}
 w - a scroll of recharging {unknown}
Potions
 g - a potion of ambrosia {unknown}
 j - a potion of agility
 n - 2 potions of curing
 p - a potion of magic {unknown}
 r - a potion of brilliance {unknown}
 u - a potion of cure mutation
Comestibles
 f - 2 bread rations
 h - a slice of pizza
 m - 2 meat rations
 s - 3 fruits
 t - 2 chunks of flesh
 x - a beef jerky


   Skills:
 - Level 3.4 Fighting
 + Level 4.1 Axes
 - Level 3.3 Armour
 - Level 3.7 Shields


You had 3 spell levels left.
You didn't know any spells.

Dungeon Overview and Level Annotations

Branches:
Dungeon (3/15)

Altars:
Ashenzari
Qazlal
Trog

Annotations:
D:3 Naow's ghost, amateur FoFi


Innate Abilities, Weirdness & Mutations

You are under a permanent stasis effect.
You can dig through walls and to a lower floor.
Your four strong arms can wield two-handed weapons with a shield.
You have a pair of large antennae on your head. (SInv)


Message History

Press: ? - help, v - describe, . - travel The floor.
It was a potion of curing.
You feel better.
It was a potion of cure mutation.
It has a very clean taste.
You feel very mighty all of a sudden. Naow's ghost barely misses you.
You slash Naow's ghost!
Naow's ghost is lightly damaged.
Naow's ghost hits you!
You barely miss Naow's ghost.
Naow's ghost is lightly damaged.
You block Naow's ghost's attack.
You slash Naow's ghost!
Naow's ghost is heavily damaged.
Naow's ghost hits you! x2
* * * LOW HITPOINT WARNING * * *
You hit Naow's ghost.
Naow's ghost is heavily damaged.
Naow's ghost hits you!
You die...

#.# #..# #[#
#..# ..#
#..## ###
##..##
####....##
#........#
..........#
#.#..####..#
# #.. +@.#
#. {#W.# #.
#..# ...#
...# ...##
#..# ...#


You could see Naow's ghost.

Vanquished Creatures
  An adder (D:3)
  An ooze (D:3)
  A worm (D:2)
  2 dart slugs (D:1)
  3 leopard geckos
  6 bats
  2 giant cockroaches (D:1)
  5 goblins
  A hobgoblin (D:1)
  A quokka (D:2)
  2 ball pythons
  2 frilled lizards
  10 kobolds
  7 rats
44 creatures vanquished.

Notes
Turn   | Place    | Note
-------+----------+-------------------------------------------
     0 | D:1      | Naow the Formicid Fighter began the quest for the Orb.
     0 | D:1      | Reached XP level 1. HP: 18/18 MP: 1/1
    81 | D:1      | Reached XP level 2. HP: 13/24 MP: 2/2
   316 | D:1      | Reached skill level 3 in Axes
   328 | D:1      | Reached XP level 3. HP: 27/29 MP: 3/3
   929 | D:2      | Found a stormy altar of Qazlal.
   968 | D:2      | Found a shattered altar of Ashenzari.
  1399 | D:3      | Reached XP level 4. HP: 13/35 MP: 4/4
  1480 | D:3      | Noticed Naow's ghost (amateur FoFi)
  1815 | D:3      | Found a faded altar of an unknown god.
  1819 | D:3      | Reached skill level 4 in Axes
  1877 | D:3      | Found a bloodstained altar of Trog.
  1948 | D:3      | Slain by Naow's ghost

Vault maps used:
D:1:      dpeg_arrival_refuge
D:2:      evilmike_ruin_ashenzari, old_standard_altar
D:3:      overflow_temple_1_default, ecumenical_altar_1, corexii_shack,
          item_on_display_a

Skill      XL: |  1  2  3  4 |
---------------+-------------+-----
Axes           | 3 4 |  4.1
Fighting       | |  3.4
Armour         | |  3.3
Shields        | |  3.7

Action                   |  1- 3 |  4- 6 || total
-------------------------+-------+-------++-------
Melee: War axe           |   124 |    23 ||   147
  Use: Potion            |     1 |     3 ||     4
  Eat: Chunk             |     2 |     2 ||     4
Armor: Scale mail        |    47 |    10 ||    57
Dodge: Dodged            |    38 |    12 ||    50
Block: Shield            |    59 |    12 ||    71
